 Dungeon Crawl Stone Soup version 0.23.2 (webtiles) character file.

Game seed: 1783982532595118119

906 Leeroy the Ducker (level 7, -1/50 HPs)
             Began as a Black Draconian Conjurer on Apr 13, 2019.
             Was an Initiate of Vehumet.
             Slain by a worker ant (5 damage)
             ... on level 4 of the Dungeon.
             The game lasted 00:18:30 (5478 turns).

Leeroy the Ducker (Black Draconian Conjurer)        Turns: 5478, Time: 00:18:31

Health: -1/50      AC:  7    Str: 10    XL:     7   Next: 81%
Magic:  2/10       EV: 14    Int: 18    God:    Vehumet [......]
Gold:   178        SH:  0    Dex: 11    Spells: 4/10 levels left

rFire    . . .     SeeInvis .   J - +0 falchion
rCold    . . .     Gourm    .   (no shield)
rNeg     . . .     Faith    .   (armour unavailable)
rPois    .         Spirit   .   (helmet restricted)
rElec    +         Reflect  .   (no cloak)
rCorr    .         Harm     .   (no gloves)
MR       .....                  x - +0 pair of boots
Stlth    ++........             (no amulet)
HPRegen  0.16/turn              (no ring)
MPRegen  0.12/turn              (no ring)

@: lethally poisoned (-1 -> -3), very slightly contaminated
A: breathe lightning, unfitting armour, electricity resistance, cold-blooded, AC
+6
a: Breathe Lightning, Renounce Religion


You were on level 4 of the Dungeon.
You worshipped Vehumet.
Vehumet was noncommittal.
You were hungry.

You visited 1 branch of the dungeon, and saw 5 of its levels.

You collected 178 gold pieces.

Inventory:

Hand Weapons
 a - a +0 dagger
 d - a +0 blowgun
 f - a +0 hunting sling
 m - a +1 short sword
 o - a +2 hand axe of venom
 r - a -3 spear
 t - a +1 whip of venom
 v - a +0 short sword
 z - a +0 morningstar of protection
 E - a +0 spear
 J - a +0 falchion (weapon)
Missiles
 i - 33 arrows
 k - 38 bolts
 n - 87 stones (quivered)
 u - 4 poisoned needles
 y - 6 curare-tipped needles
 D - 14 sling bullets
Armour
 x - a +0 pair of boots (worn)
Jewellery
 b - an uncursed amulet of faith {unknown}
 g - an uncursed ring of magical power {unknown}
 p - an uncursed ring of flight {unknown}
 q - an uncursed amulet of the acrobat {unknown}
 B - a cursed amulet of the gourmand {unknown}
Scrolls
 h - a scroll of remove curse
 j - a scroll of immolation {unknown}
 w - 2 scrolls of fear {unknown}
 C - a scroll of magic mapping
 F - a scroll of enchant armour {unknown}
 G - 4 scrolls of identify {unknown}
 I - 2 scrolls of teleportation {unknown}
Potions
 c - 2 potions of haste
 s - a potion of mutation {unknown}
 A - 2 potions of might
 H - a potion of resistance {unknown}
 K - a potion of brilliance {unknown}
Comestibles
 l - 5 rations


   Skills:
 - Level 0.2 Fighting
 - Level 4.0(4.4) Short Blades
 * Level 3.0(4.0) Long Blades
 - Level 6.0 Dodging
 - Level 1.8 Stealth
 - Level 2.0 Spellcasting
 - Level 5.1 Conjurations


You had 4 spell levels left.
You knew the following spells:

 Your Spells              Type           Power        Failure   Level  Hunger
a - Magic Dart            Conj           ###.         2%          1    #......
b - Searing Ray           Conj           ###...       3%          2    ###....
c - Dazzling Spray        Conj/Hex       ##....       19%         3    ###....

Your spell library contained the following spells:

 Spells                   Type           Power        Failure   Level  Hunger
 Iskenderun's Mystic Bla  Conj           ###.....     22%         4    #####..
 Force Lance              Conj/Tloc      ##......     52%         4    #####..
 Fulminant Prism          Conj/Hex       ##........   52%         4    #####..


Dungeon Overview and Level Annotations

Branches:
Dungeon (5/15)
 Temple: D:4-7

Altars:
Hepliaklqana
Okawaru
Trog
Vehumet
Wu Jian
Yredelemnul


Innate Abilities, Weirdness & Mutations

You can breathe wild blasts of lightning.
Your glossy black scales are hard. (AC +6)
You cannot fit into any form of body armour.
You are resistant to electric shocks. (rElec)
You are cold-blooded and may be slowed by cold attacks.


Message History

You closely miss the worker ant.
The worker ant is almost dead.
You feel sick. The worker ant closely misses you.
You riposte.
You hit the worker ant.
You kill the worker ant!
Vehumet accepts your kill.
Your base Long Blades skill increases to level 3!
You hit the worker ant but do no damage.
You tail-slap the worker ant.
The worker ant is moderately wounded.
You feel sick. The worker ant closely misses you.
You hit the worker ant but do no damage.
Your tail-slap misses the worker ant.
The worker ant is moderately wounded.
The worker ant closely misses you.
You hit the worker ant but do no damage.
You tail-slap the worker ant.
The worker ant is heavily wounded.
You feel sick. The worker ant bites you.
You die...

# #.###.##.# #..# #.#. # #)#
#....# #..# #.#. #
##.###.##############..# #.#.
###......###.............# #.#.
.............##.....###..# #.#.
#.#...#########.###.###..#
###.#. #.###.#########.#
#.>....###.#.#. #.#
#...........###.###.###.#..#.
#.# ###########.@a†.#
#....###... #.#
####################.#..##
#.######..>....................#
.........#######################
..######## ###


You could see a worker ant.

Vanquished Creatures
  Eustachio (D:4)
  Menkaure (D:4)
  A sky beast (D:5)
  A howler monkey (D:4)
  A crimson imp (D:4)
  A hound (D:4)
  An orc priest (D:4)
  2 orc wizards (D:4)
  Terence (D:2)
  An iguana (D:4)
  2 worker ants (D:4)
  8 gnolls
  8 adders
  A shadow imp (D:5)
  3 oozes (D:2)
  An adder skeleton (D:5)
  3 dart slugs
  A leopard gecko (D:2)
  11 orcs
  A ball python (D:4)
  11 bats
  5 giant cockroaches
  6 goblins
  4 hobgoblins
  5 jackals (D:1)
  7 kobolds
  A quokka (D:4)
  5 frilled lizards
  A leopard gecko skeleton (D:5)
  7 rats
  A spectral orc (D:2)
103 creatures vanquished.

Notes
Turn   | Place    | Note
-------+----------+-------------------------------------------
     0 | D:1      | Leeroy the Draconian Conjurer began the quest for the Orb.
     0 | D:1      | Reached XP level 1. HP: 14/14 MP: 3/3
   153 | D:1      | Reached XP level 2. HP: 17/20 MP: 0/5
   158 | D:1      | Learned a level 2 spell: Searing Ray
   201 | D:1      | Reached skill level 2 in Dodging
   492 | D:1      | Reached XP level 3. HP: 7/26 MP: 1/6
   518 | D:1      | Learned a level 3 spell: Dazzling Spray
  1786 | D:2      | Found a basalt altar of Yredelemnul.
  1819 | D:2      | Found an ornate altar of the Wu Jian Council.
  2047 | D:2      | Reached XP level 4. HP: 24/33 MP: 7/7
  2095 | D:3      | Noticed Terence
  2117 | D:2      | Killed Terence
  2117 | D:2      | Reached skill level 1 in Short Blades
  2622 | D:2      | Reached XP level 5. HP: 9/38 MP: 3/8
  3196 | D:3      | Found a radiant altar of Vehumet.
  3298 | D:3      | Became a worshipper of Vehumet
  3397 | D:3      | Found a bloodstained altar of Trog.
  3668 | D:4      | Found an iron altar of Okawaru.
  3669 | D:4      | Found a hazy altar of Hepliaklqana.
  3718 | D:4      | Reached skill level 3 in Dodging
  3767 | D:4      | Reached XP level 6. HP: 18/45 MP: 6/9
  3895 | D:4      | Noticed Menkaure
  4478 | D:4      | Killed Menkaure
  4478 | D:4      | Reached skill level 4 in Dodging
  4654 | D:4      | Noticed Eustachio
  4766 | D:4      | Killed Eustachio
  4766 | D:4      | Reached skill level 5 in Dodging
  4766 | D:4      | Your scales start taking on a glossy black colour.
  4766 | D:4      | Reached XP level 7. HP: 26/50 MP: 2/10
  4766 | D:4      | Gained mutation: You are resistant to electric shocks.
                  | (rElec) [Black Draconian growth]
  4866 | D:4      | Reached skill level 1 in Long Blades
  4887 | D:4      | Reached skill level 5 in Conjurations
  5065 | D:5      | Entered Level 5 of the Dungeon
  5098 | D:5      | Reached skill level 6 in Dodging
  5478 | D:4      | Slain by a worker ant

Skill      XL: |  1  2  3  4  5  6  7 |
---------------+----------------------+-----
Dodging        | 2 3 5 6 |  6.0
Short Blades   | 2 4 |  4.0
Long Blades    | 3 |  3.0
Conjurations   | 5 |  5.1
Fighting       | |  0.2
Stealth        | |  1.8
Spellcasting   | |  2.0

Action                   |  1- 3 |  4- 6 |  7- 9 || total
-------------------------+-------+-------+-------++-------
Melee: Dagger            |    32 |       |       ||    32
       Unarmed           |     1 |       |       ||     1
       Short sword       |    74 |   157 |       ||   231
       Tailslap          |     9 |    16 |     6 ||    31
       Hand axe          |       |    10 |       ||    10
       Falchion          |       |       |    68 ||    68
 Fire: Blowgun           |       |     4 |       ||     4
Throw: Stone             |     3 |     1 |       ||     4
 Cast: Magic Dart        |    26 |    17 |     4 ||    47
       Searing Ray       |     8 |    14 |     8 ||    30
       Dazzling Spray    |       |    15 |     1 ||    16
 Abil: Breathe Lightning |       |       |     1 ||     1
  Use: Scroll            |     4 |       |       ||     4
       Potion            |     1 |     5 |     4 ||    10
 Stab: Sleeping          |     2 |       |       ||     2
       Invisible         |       |     1 |       ||     1
  Eat: Chunk             |     1 |     9 |     2 ||    12
       Ration            |     1 |     1 |       ||     2
Armor: Skin              |    56 |   103 |    39 ||   198
Dodge: Dodged            |   113 |   284 |    79 ||   476
       Rpst.: Falchion   |       |       |    28 ||    28
